 Dungeon Crawl Stone Soup version 0.31-a0-1027-gfb7600b534 (webtiles) character file.

Game seed: 12605953914336064379

25 Colgate the Gusty (level 2, 0/20 HPs)
             Began as a Demigod Air Elementalist on Nov 18, 2023.
             Slain by a ball python (2 damage)
             ... on level 2 of the Dungeon.
             The game lasted 00:02:54 (1289 turns).

Colgate the Gusty (Demigod Air Elementalist)        Turns: 1289, Time: 00:02:55

Health: 0/20       AC:  2    Str:  9    XL:     2   Next: 63%
Magic:  2/7        EV:  9    Int: 17    God:
Gold:   72         SH:  0    Dex: 14    Spells: 3/4 levels left

rFire   . . .        (no weapon)
rCold   . . .        (no shield)
rNeg    . . .        a - +0 robe
rPois   .            (no helmet)
rElec   .            (no cloak)
rCorr   .            (no gloves)
SInv    .            (no boots)
Will    .....        (no amulet)
Stlth   ++           (no ring)
HPRegen 0.23/turn    (no ring)
MPRegen 0.10/turn

%: no passive effects
@: lethally poisoned (0 -> -3), constricted
A: high MP 1, forlorn, divine attributes
a: no special abilities


You were on level 2 of the Dungeon.
You visited 1 branch of the dungeon, and saw 2 of its levels.

You collected 72 gold pieces.

Inventory:

Armour
 a - a +0 robe (worn)
Scrolls
 c - a scroll of identify {unknown}
 e - a scroll of fear {unknown}
 f - a scroll of revelation
 h - a scroll of blinking {unknown}
Potions
 b - a potion of magic
 d - a potion of mutation {unknown}
 g - a potion of curing {unknown}


   Skills:
 - Level 1.7 Dodging
 - Level 1.7 Stealth
 - Level 1.7 Spellcasting
 - Level 0.8 Conjurations
 + Level 3.7 Air Magic


You had 3 spell levels left.
You knew the following spells:

 Your Spells              Type           Power      Damage    Failure   Level
a - Shock                 Conj/Air       36%        1d5       8%          1

Your spell library contained the following spells:

 Spells                   Type           Power      Damage    Failure   Level
 Static Discharge         Conj/Air       18%        3-4/arc   12%         2
 Swiftness                Air            14%        N/A       13%         3
 Lesser Beckoning         Tloc           2%         N/A       30%         2
 Gell's Gravitas          Tloc           1%         N/A       52%         3
 Teleport Other           Tloc           1%         N/A       52%         3
 Airstrike                Air            7%         2d(1-17)  38%         4


Dungeon Overview and Level Annotations

Branches:
Dungeon (2/15)


Innate Abilities, Weirdness & Mutations

You have an increased reservoir of magic. (+10% MP)
You shall have no god before yourself.
Your divine heritage dramatically boosts your attributes as you level up.


Message History

The zap hits the adder.
The zap misses the ball python.
The adder bites you but does no damage.
You hit the adder but do no damage. The ball python bites you.
The ball python barely misses you. The adder closely misses you.
You closely miss the adder. The adder closely misses you.
The ball python barely misses you. The ball python closely misses you.
The adder bites you but does no damage. The ball python barely misses you.
The ball python completely misses you.
You hit the adder but do no damage. The adder barely misses you.
The ball python barely misses you. x2
You miss the adder. The adder closely misses you. The ball python bites you.
The ball python closely misses you.
You closely miss the adder. The adder bites you but does no damage.
The ball python bites you. The ball python barely misses you.
You barely miss the adder. The adder barely misses you.
The ball python barely misses you. The ball python closely misses you.
The adder closely misses you.
You hit the adder. The ball python barely misses you.
The ball python grabs you. The ball python constricts you.
The adder closely misses you. The ball python bites you.
The ball python constricts you.
You miss the adder. The adder bites you but does no damage.
The ball python closely misses you. The ball python constricts you.
You closely miss the adder. Your punch misses the adder.
The adder barely misses you. The ball python bites you.
The ball python constricts you. The adder barely misses you.
You hit the adder.
The ball python bites you but does no damage.
The ball python constricts you. The adder barely misses you.
You hit the adder but do no damage. The ball python bites you.
The ball python constricts you. The adder bites you.
* * * LOW HITPOINT WARNING * * *
You are poisoned.
The adder poisons you!
You hit the adder.
* * * LOW HITPOINT WARNING * * *
You feel sick. The adder bites you.
* * * LOW HITPOINT WARNING * * *
The ball python bites you.
You die...

**,,,,,,,,,,,,,**
*,,,>,..........#####
*,,,,,..........#####
*,,,,,..........#####
***,,,,,..........#####
*,,,,<,,..........#####
*,,,,,,,..........#####
*,,,,,,,......S..######
**,,,,,,,..#[..S@#######
,,,,,,,,*####.##########
,*****,,*####.##########
,* **,*####.##########
** *,*####.########## *
*,*####S########## *
*,*####.########## *
*,*####.##########
*,,,***,*


You could see an adder and a ball python.

Vanquished Creatures
  3 ball pythons (D:1)
  4 endoplasms (D:1)
  2 giant cockroaches (D:1)
  A goblin (D:1)
  3 jackals (D:1)
  A kobold (D:1)
  2 quokkas (D:1)
  A bat (D:1)
  2 frilled lizards (D:1)
  2 rats (D:1)
21 creatures vanquished.

Notes
Turn   | Place    | Note
-------+----------+-------------------------------------------
     0 | D:1      | Colgate the Demigod Air Elementalist began the quest for
                  | the Orb.
     0 | D:1      | Reached XP level 1. HP: 14/14 MP: 5/5
   160 | D:1      | Reached skill level 3 in Air Magic
   325 | D:1      | Reached XP level 2. HP: 20/20 MP: 1/7
  1289 | D:2      | Slain by a ball python

Illustrated notes

Levels and vault maps discovered:
D:1:      spicycebolla_arrival_risky_transporter, layout_basic,
          serial_bayou_pond_e, chequers_serial_rivers_large_a
D:2:      layout_rooms, minmay_misc_feat_tower, minmay_rat_gold_closets

Skill      XL: |  1 |
---------------+----+-----
Air Magic      | 3 |  3.7
Dodging        | |  1.7
Stealth        | |  1.7
Spellcasting   | |  1.7
Conjurations   | |  0.8

Action                     || total
---------------------------++-------
  Melee: Unarmed           ||    12
   Cast: Shock             ||    48
    Use: Scroll            ||     1
 Armour: Robe              ||    27
  Dodge: Dodged            ||    38

Table legend: (Time is in decaauts)
 A = Elapsed time spent in this place.
 B = Non-inter-level travel time spent in this place.
 C = Inter-level travel time spent in this place.
 D = Time resting spent in this place.
 E = Time spent auto-exploring this place.
 F = Levels seen in this place.
 G = Mean time per level.
                   A        B        C        D        E       F      G
               +--------+--------+--------+--------+--------+-----+--------+
         Total |   1306 |   1261 |     45 |     59 |   1056 |   2 |  653.0 |
       Dungeon |   1306 |   1261 |     45 |     59 |   1056 |   2 |  653.0 |
               +--------+--------+--------+--------+--------+-----+--------+

Top non-repeatable levels by time:
     D:1: 1286 daAuts
     D:2: 19 daAuts
